 Dungeon Sprint DCSS version 0.31-a0-841-g038b102fc3 (webtiles) character file.

Game seed: 3378396694073683634

74 sircluck the Ruffian (level 4, -9/49 HPs)
             Began as a Troll Berserker on Sept 27, 2023.
             Was a Follower of Trog.
             Mangled by a jumping spider (10 damage)
             ... in the Dungeon (Sprint VII: "The Pits").
             The game lasted 00:00:14 (31 turns).

sircluck the Ruffian (Troll Berserker)                Turns: 31, Time: 00:00:14

Health: -9/49      AC:  4    Str: 27    XL:     4   Next: 9%
Magic:  3/3        EV: 10    Int:  3    God:    Trog [*.....]
Gold:   0          SH:  0    Dex:  9    Spells: 3/3 levels left

rFire   . .          .
                       - Unarmed
rCold   . . .        (no shield)
rNeg    . . .        a - +0 animal skin
rPois   .            (helmet restricted)
rElec   .            (no cloak)
rCorr   .            (gloves unavailable)
SInv    .            (boots unavailable)
Will    .....        (no amulet)
Stlth   +            (no ring)
HPRegen 1.08/turn    (no ring)
MPRegen 0.08/turn

%: no teleportation
@: no status effects
A: large, unfitting armour, claws 3, regeneration 1, shaggy fur 1, tough skin 1
a: Renounce Religion, Berserk


You were in the Dungeon.
You worshipped Trog.
Trog was aware of your devotion.
You visited 1 branch

Inventory:

Armour
 a - a +0 animal skin (worn)
Scrolls
 g - a scroll of blinking
Potions
 b - a potion of curing
 c - a potion of heal wounds
 d - a potion of haste
 e - 2 potions of magic
 f - a potion of berserk rage


   Skills:
 + Level 4.5 Fighting
 + Level 4.5 Dodging
 + Level 5.4 Unarmed Combat


You had 3 spell levels left.
You didn't know any spells.
Your spell library was empty.

Dungeon Overview and Level Annotations

Branches:
Dungeon (1/1)

Altars:


Innate Abilities, Weirdness & Mutations

You are too large for most types of armour.
You have claws for hands.
Your natural rate of healing is unusually fast.
You are covered in fur. (AC +1)
You have tough skin. (AC +1)


Message History

Unknown command.
You claw the mummy!
The mummy is heavily damaged.
The mummy hits you but does no damage.
You claw the mummy!
You destroy the mummy!
Trog accepts your kill.
The jumping spider leaps!
You have reached level 4!
Unknown command.
Unknown command.
The jumping spider leaps!
The jumping spider leaps!
There is a huge open gate to the Metal Vault (Medium) here.
The jumping spider pounces on you but does no damage.
The jumping spider bites you.
There is a huge open gate to the Metal Vault (Medium) here.
You claw the jumping spider!
The jumping spider is heavily wounded.
The jumping spider pounces on you!
The jumping spider barely misses you. x2
The jumping spider closely misses you.
You are too injured to fight recklessly!
You are too injured to fight recklessly!
You are too injured to fight recklessly!
You are too injured to fight recklessly!
You are too injured to fight recklessly!
You are too injured to fight recklessly!
You are too injured to fight recklessly!
You are too injured to fight recklessly!
You are too injured to fight recklessly!
You are too injured to fight recklessly!
You mangle the jumping spider!!
The jumping spider is almost dead.
The jumping spider pounces on you!
You are caught in a web!
The jumping spider bites you but does no damage.
The jumping spider pounces on you!
* * * LOW HITPOINT WARNING * * *
The jumping spider completely misses you.
The jumping spider pounces on you!
You die...

##########++######
#................#
#......#..#......#
#................+
+................+
#......#..#......#
#..........s.....#
####'#####'@######
#.......##''#
#.......##..#
#.......##..#
#...<...##..#
#.......##..#
#.......##..#
#.......##...
##########....


You could see a jumping spider.

Vanquished Creatures
  A bullfrog (D)
  A mummy (D)
2 creatures vanquished.

Notes
Turn   | Place    | Note
-------+----------+-------------------------------------------
     0 | D        | sircluck the Troll Berserker began the quest for the Orb.
     0 | D        | Reached XP level 1. HP: 22/22 MP: 0/0
    12 | D        | Noticed a bullfrog
    14 | D        | Noticed a jumping spider
    22 | D        | Killed a bullfrog
    23 | D        | Reached skill level 5 in Unarmed Combat
    23 | D        | Reached XP level 2. HP: 18/33 MP: 1/1
    23 | D        | Reached XP level 3. HP: 22/40 MP: 2/2
    26 | D        | Reached XP level 4. HP: 30/49 MP: 3/3
    31 | D        | HP: 1/49 [jumping spider (15)]
    31 | D        | Mangled by a jumping spider

Illustrated notes

Levels and vault maps discovered:
D:        pitsprint [storerooms_1, entrance_room_1, metal_vault_3, armoury_1,
          mini_pit_1, grid_room_1, main_hall_1, silver_pit, the_coven_3,
          the_vestibule_1, steel_vault_3, golden_pit, hallway_of_sentries,
          crystal_vault_4, iron_vault_1, final_vault]

Skill      XL: |  1 |
---------------+----+-----
Fighting       | 4 |  4.5
Dodging        | 4 |  4.5
Unarmed Combat | 5 |  5.4

Action                     |  1- 3 |  4- 6 || total
---------------------------+-------+-------++-------
  Melee: Unarmed           |     9 |     2 ||    11
 Armour: Animal skin       |     6 |     7 ||    13
  Dodge: Dodged            |     5 |     4 ||     9

Table legend: (Time is in decaauts)
 A = Elapsed time spent in this place.
 B = Non-inter-level travel time spent in this place.
 C = Inter-level travel time spent in this place.
 D = Time resting spent in this place.
 E = Time spent auto-exploring this place.
 F = Levels seen in this place.
 G = Mean time per level.
                   A        B        C        D        E       F      G
               +--------+--------+--------+--------+--------+-----+--------+
         Total |     30 |     30 |      0 |      0 |     11 |   1 |   30.0 |
       Dungeon |     30 |     30 |      0 |      0 |     11 |   1 |   30.0 |
               +--------+--------+--------+--------+--------+-----+--------+

Top non-repeatable levels by time:
       D: 30 daAuts
